 Dungeon Crawl Stone Soup version 0.23.1 (webtiles) character file.

Game seed: 3794295368843058282

12268 Fang the Fighter (level 11, 0/76 HPs)
             Began as a Gargoyle Berserker on Mar 7, 2019.
             Was an Elder of Trog.
             Slain by an unseen horror (5 damage)
             ... on level 10 of the Dungeon.
             The game lasted 00:12:25 (9891 turns).

Fang the Fighter (Gargoyle Berserker)               Turns: 9891, Time: 00:12:25

Health: 0/76       AC: 21    Str: 24    XL:     11   Next: 90%
Magic:  11/11      EV: 13    Int:  8    God:    Trog [****..]
Gold:   673        SH:  0    Dex:  9    Spells: 10/10 levels left

rFire    x . .     SeeInvis .   a - +0 hand axe
rCold    + + .     Gourm    .   (no shield)
rNeg     + . .     Faith    .   q - +1 ice dragon scales
rPois    ∞         Spirit   .   (no helmet)
rElec    +         Reflect  .   (no cloak)
rCorr    +         Harm     .   (no gloves)
MR       .....                  (no boots)
Stlth    ..........             (no amulet)
HPRegen  0.22/turn              u - ring of resist corrosion
MPRegen  0.12/turn              y - ring of stealth

@: about to teleport, marked, berserk cooldown, hasted, very quick
A: negative energy resistance 1, electricity resistance, unbreathing,
petrification resistance, rot immunity, AC +8
a: Berserk, Trog's Hand, Brothers in Arms, Renounce Religion


You were on level 10 of the Dungeon.
You worshipped Trog.
Trog was greatly pleased with you.
You were not hungry.

You visited 3 branches of the dungeon, and saw 12 of its levels.
You also visited: Ossuary.

You collected 673 gold pieces.

Inventory:

Hand Weapons
 a - a +0 hand axe (weapon)
Armour
 f - a +1 plate armour
 q - +1 ice dragon scales (worn)
Jewellery
 u - a ring of resist corrosion (left hand)
 y - a ring of stealth (right hand)
Wands
 g - a wand of scattershot (7)
 E - a wand of iceblast (9)
 F - a wand of paralysis (10)
Scrolls
 b - 2 scrolls of identify
 h - 2 scrolls of fog
 m - a scroll of magic mapping
 n - a scroll of fear {unknown}
 p - 9 scrolls of remove curse
 s - 5 scrolls of teleportation
 B - a scroll of blinking
 D - a scroll of vulnerability {unknown}
Potions
 d - 7 potions of curing
 e - a potion of flight
 i - 2 potions of lignification
 j - 2 potions of ambrosia
 k - 2 potions of mutation
 l - a potion of haste
 o - 2 potions of cancellation
 r - 2 potions of might
 t - a potion of brilliance
 w - 4 potions of agility
 x - a potion of berserk rage
 z - a potion of invisibility
 A - 2 potions of magic
 C - a potion of resistance
Comestibles
 c - 11 rations


   Skills:
 + Level 12.5 Fighting
 + Level 10.7 Axes
 + Level 9.0 Armour
 + Level 6.9 Dodging


You had 10 spell levels left.
You didn't know any spells.
Your spell library was empty.

Dungeon Overview and Level Annotations

Branches:
Dungeon (10/15)            Temple (1/1) D:4            Lair (1/6) D:9
    Orc: D:9-12

Altars:
Cheibriados
Fedhas
Gozag
Nemelex Xobeh
Qazlal
Ru
Uskayaw
Vehumet
Zin

Annotations:
D:10 Sonja


Innate Abilities, Weirdness & Mutations

You are resistant to torment.
Your stone body is resilient. (AC +8)
You are immune to poison.
You resist negative energy. (rN+)
You are resistant to electric shocks. (rElec)
You can survive without breathing.
You are immune to petrification.
You are immune to rotting.


Message History

Something barely misses you. The hound bites you but does no damage.
There is a stone staircase leading up here.
You feel yourself speed up. Something hits you.
* * * LOW HITPOINT WARNING * * *
The big kobold throws a stone.
The stone hits you but does no damage. Something hits you.
* * * LOW HITPOINT WARNING * * *
The kobold throws a stone.
The stone hits you but does no damage.
You see here 2 stones.
Something hits you but does no damage.
A necrophage comes into view.
The orc wizard gestures at you while chanting.
The magic dart hits something.
Something hits you but does no damage.
You hit something. You hit the hound. Something hits you but does no damage.
The hound bites you but does no damage. Something hits you but does no damage.
As you read the scroll of teleportation, it crumbles to dust.
You feel strangely unstable. Something hits you.
You die...

#......(....###......
##.......n...##..#....
####......K.##.####.#.#.#
###.......g..W##........###
#.......5J.K.K#...†.##..#
#....#....oK.g.......##..
#....#...oKooK......#####
#...#....h{Z...###.##
#####..#..@....# #..
##.#.......# ...#
###....#.## .... #....#(..
#....#..... ##..## ....
#### ...


You could see a wraith, a big kobold, a necrophage, a hound, a jelly, an orc
wizard, a quasit, 2 gnolls, 3 orcs, 5 kobolds and a bullfrog skeleton.

Vanquished Creatures
  Erolcha (D:9)
  A two-headed ogre (D:9)
  A death yak (D:9)
  Pikel (D:4)
  An elephant (D:9)
  A gargoyle (D:10)
  Grinder (D:5)
  A hornet (D:9)
  A hippogriff (D:8)
  6 yaks (D:9)
  2 hungry ghosts
  4 wargs (D:10)
  An ice beast (D:5)
  A sky beast (D:8)
  3 black bears
  2 orc warriors
  5 ogres
  A phantom (D:4)
  A centaur (D:9)
  2 crocodiles (D:9)
  A big kobold (D:7)
  7 bullfrogs
  2 wyvern skeletons
  4 scorpions
  14 killer bees
  4 wights (D:6)
  5 howler monkeys
  2 crimson imps
  A bullfrog zombie (Ossuary)
  6 centaur zombies
  3 hounds
  6 orc priests
  2 bullfrog skeletons
  A gnoll shaman (D:5)
  8 jellies
  An orc wizard (D:8)
  A centaur skeleton (D:8)
  Jessica (D:3)
  An iguana (D:7)
  Terence (D:2)
  5 worker ants
  A hound zombie (D:5)
  16 mummies (Ossuary)
  3 worker ant zombies (Ossuary)
  Robin (D:3)
  4 gnolls
  6 adders
  A shadow imp (D:5)
  7 oozes
  4 adder zombies
  2 adder skeletons
  A worm (D:3)
  3 dart slugs
  4 leopard geckos
  14 orcs
  A ball python (D:7)
  7 bats
  3 giant cockroaches
  16 goblins
  13 hobgoblins
  6 jackals (D:1)
  12 kobolds
  5 quokkas
  2 frilled lizards
  2 giant cockroach zombies (Ossuary)
  A goblin zombie (D:4)
  A jackal skeleton (D:7)
  A leopard gecko skeleton (D:7)
  A leopard gecko zombie (Ossuary)
  3 quokka zombies
  11 rats
  A rat zombie (D:4)
266 creatures vanquished.

Vanquished Creatures (others)
  A withered plant (Ossuary)
1 creature vanquished.

Grand Total: 267 creatures vanquished

Notes
Turn   | Place    | Note
-------+----------+-------------------------------------------
     0 | D:1      | Fang the Gargoyle Berserker began the quest for the Orb.
     0 | D:1      | Reached XP level 1. HP: 14/14 MP: 1/1
   104 | D:1      | Reached XP level 2. HP: 12/19 MP: 2/2
   511 | D:1      | Reached XP level 3. HP: 23/23 MP: 3/3
   646 | D:1      | Reached ** piety under Trog
   887 | D:2      | Reached XP level 4. HP: 25/29 MP: 4/4
   941 | D:2      | Noticed Terence
   957 | D:2      | Killed Terence
   957 | D:2      | Reached skill level 4 in Fighting
  1491 | D:2      | Reached XP level 5. HP: 33/33 MP: 5/5
  1601 | D:3      | Noticed Robin
  1612 | D:3      | Killed Robin
  1635 | D:3      | Reached *** piety under Trog
  1800 | D:3      | Noticed Jessica
  1812 | D:3      | Killed Jessica
  2072 | D:4      | Found a sand-covered staircase.
  2080 | Ossuary  | Entered an ossuary
  2272 | Ossuary  | Reached XP level 6. HP: 39/39 MP: 6/6
  2640 | Ossuary  | Reached skill level 5 in Fighting
  2645 | Ossuary  | Reached XP level 7. HP: 44/44 MP: 7/7
  2782 | Ossuary  | Reached **** piety under Trog
  3366 | D:4      | Reached skill level 5 in Armour
  3432 | D:4      | Noticed Pikel
  3448 | D:4      | Killed Pikel
  3448 | D:4      | Reached skill level 6 in Fighting
  3448 | D:4      | Reached skill level 5 in Axes
  3448 | D:4      | Reached XP level 8. HP: 48/51 MP: 8/8
  3901 | D:4      | Found a staircase to the Ecumenical Temple.
  3915 | Temple   | Entered the Ecumenical Temple
  3978 | D:5      | Entered Level 5 of the Dungeon
  4155 | D:5      | Noticed Grinder
  4159 | D:5      | Reached XP level 9. HP: 56/56 MP: 9/9
  4167 | D:5      | Paralysed by Grinder for 6 turns
  4186 | D:5      | Killed Grinder
  4186 | D:5      | Reached skill level 7 in Fighting
  4186 | D:5      | Reached skill level 5 in Dodging
  5241 | D:6      | Reached skill level 11 in Fighting
  5241 | D:6      | Reached XP level 10. HP: 55/70 MP: 10/10
  5480 | D:6      | Found a hide-covered altar of Uskayaw.
  5635 | D:6      | Found a blossoming altar of Fedhas.
  6405 | D:7      | Reached ***** piety under Trog
  6614 | D:8      | Reached skill level 10 in Axes
  6850 | D:8      | Found a sacrificial altar of Ru.
  6869 | D:8      | Found a radiant altar of Vehumet.
  6869 | D:8      | Found a glowing silver altar of Zin.
  6872 | D:8      | Found a stormy altar of Qazlal.
  7063 | D:8      | Reached XP level 11. HP: 47/76 MP: 11/11
  8106 | D:9      | Noticed a two-headed ogre
  8120 | D:9      | Killed a two-headed ogre
  8609 | D:9      | Reached skill level 12 in Fighting
  8890 | D:9      | Noticed Erolcha
  9121 | D:9      | Noticed a death yak
  9123 | D:9      | Found a staircase to the Lair.
  9136 | D:9      | Killed a death yak
  9330 | D:9      | Killed Erolcha
  9677 | D:9      | Paralysed by fainting for 8 turns
  9752 | Lair:1   | Entered Level 1 of the Lair of Beasts
  9768 | D:10     | Entered Level 10 of the Dungeon
  9865 | D:10     | Identified the cursed +1 robe of the Arcane {rN++ Int+5
                  | Dex-3}
  9874 | D:10     | HP: 1/76 [orc wizard/puff of flame (7)]
  9876 | D:10     | Noticed Sonja
  9891 | D:10     | Slain by an unseen horror

Skill      XL: |  1  2  3  4  5  6  7  8  9 10 11 |
---------------+----------------------------------+-----
Axes           | 3 4 5 9 10 | 10.7
Dodging        | 2 3 4 5 6 |  6.9
Armour         | 3 4 5 6 7 9 |  9.0
Fighting       | 4 5 6 11 12 | 12.5

Action                   |  1- 3 |  4- 6 |  7- 9 | 10-12 || total
-------------------------+-------+-------+-------+-------++-------
Melee: Hand axe          |   125 |   199 |   310 |   729 ||  1363
Invok: Berserk           |       |     4 |     7 |     6 ||    17
       Trog's Hand       |       |     1 |     1 |       ||     2
  Use: Potion            |       |     1 |     1 |     3 ||     5
       Scroll            |       |       |    22 |     4 ||    26
  Eat: Chunk             |       |     5 |     7 |    16 ||    28
       Ration            |       |     1 |     3 |     4 ||     8
Armor: Animal skin       |    14 |       |       |       ||    14
       Plate armour      |    87 |    52 |       |       ||   139
       Ice dragon scales |       |    51 |   151 |   450 ||   652
       Skin              |       |    17 |       |       ||    17
Dodge: Dodged            |    63 |    67 |   173 |   485 ||   788
